 Dungeon Crawl Stone Soup version 0.21.1-1-g345015f (webtiles) character file.

183 wotfoxis the Shield-Bearer (level 5, 0/47 HPs)
             Began as a Hill Orc Fighter on Feb 17, 2018.
             Succumbed to an adder's poison
             ... on level 3 of the Dungeon.
             The game lasted 00:12:17 (2681 turns).

wotfoxis the Shield-Bearer (Hill Orc Fighter)       Turns: 2681, Time: 00:12:18

Health: 0/47       AC:  8    Str: 20    XL:     5   Next: 62%
Magic:  5/5        EV:  8    Int:  8    God:
Gold:   111        SH: 10    Dex: 14    Spells: 4/4 levels left

rFire    . . .     SeeInvis .   a - +0 flail
rCold    . . .     Gourm    .   c - +0 shield
rNeg     . . .     Faith    .   b - +0 scale mail
rPois    .         Spirit   .   (no helmet)
rElec    .         Reflect  .   (no cloak)
rCorr    .         Harm     .   (no gloves)
MR       .....                  v - +0 pair of boots
Stlth    +.........             (no amulet)
HPRegen  0.15/turn              m - +4 ring of dexterity
MPRegen  0.09/turn              r - ring of stealth

@: lethally poisoned (0 -> -1)
A: no striking features
a: no special abilities


You were on level 3 of the Dungeon.
You were full.

You visited 1 branch of the dungeon, and saw 4 of its levels.

You collected 111 gold pieces.

Inventory:

Hand Weapons
 a - a +0 flail (weapon)
 g - a +0 dagger of holy wrath
Armour
 b - a +0 scale mail (worn)
 c - a +0 shield (worn)
 v - a +0 pair of boots (worn)
Jewellery
 m - a +4 ring of dexterity (left hand)
 r - a ring of stealth (right hand)
Scrolls
 h - 2 scrolls of enchant weapon {unknown}
 i - a scroll of random uselessness {unknown}
 k - 2 scrolls of remove curse {unknown}
 l - a scroll of amnesia {unknown}
 n - a scroll of identify {unknown}
 s - a scroll of magic mapping {unknown}
 u - a scroll of immolation {unknown}
Potions
 e - a potion of berserk rage {unknown}
 j - a potion of cancellation {unknown}
 o - a potion of resistance
 p - a potion of haste {unknown}
 t - a potion of agility {unknown}
 w - a potion of curing {unknown}
Books
 q - a book of Changes

   Spells                             Type                      Level
   a - Beastly Appendage              Transmutation                1
   b - Sticks to Snakes               Transmutation                2
   c - Spider Form                    Transmutation/Poison         3
   d - Ice Form                       Ice/Transmutation            4
   e - Blade Hands                    Transmutation                5
Comestibles
 f - a ration


   Skills:
 + Level 4.3 Fighting
 + Level 3.9 Maces & Flails
 + Level 4.2 Armour
 - Level 1.0 Dodging
 + Level 4.3 Shields


You had 4 spell levels left.
You didn't know any spells.

Dungeon Overview and Level Annotations

Branches:
Dungeon (4/15)
 Temple: D:4-7

Altars:
Ashenzari
Fedhas

Annotations:
D:3 soepske's ghost, amateur FoAK
D:4 Dioder's ghost, amateur MiFi; Sigmund


Message History

You barely miss the adder.
The adder is heavily wounded.
* * * LOW HITPOINT WARNING * * *
You feel sick. The adder bites you but does no damage.
You closely miss the adder.
The adder is heavily wounded.
The adder bites you but does no damage. You block the adder's attack.
You hit the adder.
The adder is almost dead.
* * * LOW HITPOINT WARNING * * *
You feel sick. The adder barely misses you. x2
You closely miss the adder.
The adder is almost dead.
You block the adder's attack.
You closely miss the adder.
The adder is almost dead.
You block the adder's attack. x2
Your shield and scale mail prevent you from hitting the adder.
The adder is almost dead.
You die...

#.## #.# #.#.##.###.# #.. #.#
#.#.##...... ## #. #.#
#.#.#######. #.##.#
#.#.........
#.##.##############.#########.
#.##................# #######
#.################### #....<.
#.# ############# #.#####
##.######....S@...).# #.#
###....)......#######.# #.#
.....########.# #.# #.# ###..#
#.# #S# #.# ###..# #.#
####.#####.# ##...# #.#
#.......##.##### ##..## #.#
#.......#....).. ##.##
#.####..........###.. ##.#
#)#..g.......#.## #.#


You could see an adder.

Vanquished Creatures
  A howler monkey (D:3)
  An iguana (D:4)
  4 adders
  An ooze (D:3)
  2 worms
  2 leopard geckos
  7 orcs (D:3)
  2 giant cockroaches
  8 goblins
  9 hobgoblins
  8 jackals
  2 kobolds (D:2)
  7 bats
  2 frilled lizards (D:2)
  7 rats
63 creatures vanquished.

Notes
Turn   | Place    | Note
-------+----------+-------------------------------------------
     0 | D:1      | wotfoxis the Hill Orc Fighter began the quest for the Orb.
     0 | D:1      | Reached XP level 1. HP: 19/19 MP: 1/1
   355 | D:1      | Reached XP level 2. HP: 23/27 MP: 2/2
   895 | D:2      | Reached XP level 3. HP: 26/33 MP: 3/3
  1361 | D:3      | Reached XP level 4. HP: 40/40 MP: 4/4
  1469 | D:3      | Found a blossoming altar of Fedhas.
  1589 | D:3      | Noticed soepske's ghost (amateur FoAK)
  1962 | D:2      | Reached skill level 1 in Dodging
  2120 | D:3      | Found a shattered altar of Ashenzari.
  2275 | D:4      | Noticed Dioder's ghost (amateur MiFi)
  2290 | D:3      | Reached XP level 5. HP: 46/46 MP: 5/5
  2579 | D:4      | Noticed Sigmund
  2602 | D:3      | HP: 2/47 [orc/whip (6)]
  2674 | D:3      | HP: 2/47 [adder (4)]
  2681 | D:3      | Succumbed to an adder's poison

Skill      XL: |  1  2  3  4  5 |
---------------+----------------+-----
Fighting       | 4 |  4.3
Shields        | 4 |  4.3
Maces & Flails | 3 |  3.9
Dodging        | 1 |  1.0
Armour         | 4 |  4.2

Action                   |  1- 3 |  4- 6 || total
-------------------------+-------+-------++-------
Melee: Flail             |   121 |   122 ||   243
  Use: Scroll            |       |     1 ||     1
       Potion            |       |     1 ||     1
  Eat: Ration            |     1 |     2 ||     3
       Chunk             |     1 |       ||     1
Armor: Scale mail        |    58 |    47 ||   105
Dodge: Dodged            |    38 |    45 ||    83
Block: Shield            |    71 |    67 ||   138
